 Dungeon Crawl Stone Soup version 0.18.1-50-g88ac8fd (webtiles) character file.

95 Joof the Grave Robber (level 4, 0/36 HPs)
             Began as a Deep Dwarf Necromancer on Sept 21, 2016.
             Slain by a gnoll
             ... wielding a +0 flail of holy wrath
              (6 damage)
             ... on level 2 of the Dungeon.
             The game lasted 00:21:32 (2131 turns).

Joof the Grave Robber (Deep Dwarf Necromancer)      Turns: 2131, Time: 00:21:33

Health: 0/36       AC:  4    Str: 12    XL:     4   Next: 39%
Magic:  5/8        EV: 12    Int: 16    God:
Gold:   49         SH:  0    Dex: 13    Spells: 3 memorised, 3 levels left

rFire  . . .     SeeInvis .     f - +0 hand axe
rCold  . . .     Gourm    .     a - +0 robe
rNeg   . . .     Faith    .     (no shield)
rPois  .         Spirit   .     g - +0 helmet (curse)
rElec  .         Dismiss  .     (no cloak)
rCorr  +         Reflect  .     h - +0 pair of gloves (curse)
SustAt .         Harm     .     (no boots)
MR     .....                    (no amulet)
Stlth  ++........               o - ring of resist corrosion
                                m - +1 ring of slaying

@: non-regenerating, not resistant to hostile enchantments, unstealthy
A: damage resistance, recharge devices, sense surroundings 1, slow regeneration
3
a: Device Recharging


You were on level 2 of the Dungeon.
You were not hungry.

You visited 1 branch of the dungeon, and saw 3 of its levels.

You collected 49 gold pieces.

Inventory:

Hand Weapons
 f - a +0 hand axe (weapon)
Armour
 a - a +0 robe (worn)
 g - a cursed +0 helmet (worn)
 h - a cursed +0 pair of gloves (worn)
Jewellery
 m - a +1 ring of slaying (left hand)
 o - a ring of resist corrosion (right hand)
Wands
 c - a wand of heal wounds (3/9)
 d - a wand of flame (8/48)
Scrolls
 k - a scroll of remove curse {unknown}
 l - a scroll of identify
 p - a scroll of noise {unknown}
 q - a scroll of magic mapping
Potions
 e - a potion of lignification {unknown}
 j - 2 potions of heal wounds
Books
 b - a book of Necromancy

   Spells                             Type                      Level
   a - Pain                           Necromancy                   1
   b - Animate Skeleton               Necromancy                   1
   c - Vampiric Draining              Necromancy                   3
   d - Regeneration                   Charms/Necromancy            3
   e - Animate Dead                   Necromancy                   4
   f - Control Undead                 Necromancy                   4
Comestibles
 i - 2 meat rations


   Skills:
 + Level 2.2 Dodging
 - Level 2.4 Stealth
 * Level 2.9 Spellcasting
 * Level 5.6 Necromancy


You had 3 spell levels left.
You knew the following spells:

 Your Spells              Type           Power        Failure   Level  Hunger
a - Pain                  Necr           ###.         1%          1    #......
b - Animate Skeleton      Necr           N/A          1%          1    #......
c - Vampiric Draining     Necr           ###.......   8%          3    ###....


Dungeon Overview and Level Annotations

Branches:
Dungeon (3/15)

Altars:


Innate Abilities, Weirdness & Mutations

You are resistant to damage.
You can recharge devices by infusing magical energy.
You passively map a small area around you.
You do not regenerate naturally.


Message History

You climb upwards.
There is a stone staircase leading down here.
You start resting.
All of the chunks of flesh in your inventory have rotted away.
Magic restored.
(D) Dungeon
Where to? (Enter - D:2, ? - help)
You climb downwards.
The gnoll hits you with a flail of holy wrath!
* * * LOW HITPOINT WARNING * * *
There is a stone staircase leading up here.
Casting: Pain
Confirm with . or Enter, or press ? or * to list all spells.
Aiming: Vampiric Draining
Press: ? - help, Shift-Dir - straight line, f - gnoll
Aim: a gnoll, wielding a flail of holy wrath The gnoll is heavily wounded.
You feel life coursing into your body.
The gnoll hits you with a flail of holy wrath!
You die...

###...### ##'## #......
#....<..# ##...## ####.##
#.#)..#.# ##.....## ##.).#
#.......# ##.......## ##..###
#.......####.........####...####
#..........'.........+..........
#.#.....####.........####...####
#.......# ##.......## ##....#
####.#### ##.@...## ####(# #.#
##.g.## #.# #.* ##g## #.# #.*
######.## #.# *,* #.......# #.#
*,* #.####..# #.#
*,****##.###...## #.#
*,,,,,..........# #.#
******##.###...######****#.#


You could see 2 gnolls.

Vanquished Creatures
  Robin (D:2)
  A gnoll (D:2)
  2 adders (D:2)
  4 dart slugs
  A giant gecko (D:1)
  11 goblins
  8 hobgoblins
  5 kobolds
  A quokka (D:2)
  4 bats (D:1)
  4 giant newts
  3 rats
45 creatures vanquished.

Vanquished Creatures (collateral kills)
  A goblin (D:2)
  A hobgoblin (D:2)
  A kobold (D:1)
3 creatures vanquished.

Grand Total: 48 creatures vanquished

Notes
Turn   | Place    | Note
--------------------------------------------------------------
     0 | D:1      | Joof the Deep Dwarf Necromancer began the quest for the Orb.
     0 | D:1      | Reached XP level 1. HP: 15/15 MP: 3/3
    25 | D:1      | Learned a level 1 spell: Animate Skeleton
   147 | D:1      | Reached XP level 2. HP: 16/22 MP: 2/4
   319 | D:1      | Reached skill level 5 in Necromancy
   708 | D:2      | Reached XP level 3. HP: 17/28 MP: 3/6
   710 | D:2      | Noticed Robin
   735 | D:1      | Learned a level 3 spell: Vampiric Draining
  1561 | D:2      | Reached XP level 4. HP: 17/36 MP: 0/7
  1891 | D:2      | Killed Robin
  2131 | D:2      | Slain by a gnoll

Skill      XL: |  1  2 |
---------------+-------+-----
Necromancy     | 5 |  5.6
Spellcasting   | 2 |  2.9
Dodging        | |  2.2
Stealth        | |  2.4

Action                   |  1- 3 |  4- 6 || total
-------------------------+-------+-------++-------
Melee: Dagger            |    32 |       ||    32
       Hand axe          |    19 |     9 ||    28
 Cast: Pain              |    46 |     5 ||    51
       Animate Skeleton  |    16 |     2 ||    18
       Vampiric Draining |     7 |     9 ||    16
Evoke: Wand              |     1 |     1 ||     2
  Use: Scroll            |     2 |       ||     2
       Potion            |     2 |       ||     2
 Stab: Sleeping          |       |     1 ||     1
  Eat: Chunk             |     4 |     1 ||     5
       Bread ration      |       |     1 ||     1
Armor: Robe              |    21 |     4 ||    25
Dodge: Dodged            |    43 |     9 ||    52
